General information
- name: BNet
- type: Ladder team game (AT/RT)
- host: Battle.net
- saver: 3tk
map: Deathknell
- players: 8
- length: 30:07
- speed: Fast
- version: 1.26 W3XP
- replay type: Public
» download(171 KB)
Players
team 1 (winner)

»
hugobosz (
purple | 53 APM | 761 actions | 14:22)
4 Tauren Chieftain
2 Shockwave
2 Endurance Aura
2 Shadow Hunter
1 Hex
1 Healing Wave
» actions
| Assign group hotkey | 6 | |
| Build / train | 60 | |
| Enter build submenu | 16 | |
| Enter hero's abilities submenu | 7 | |
| Give item / drop item | 2 | |
| Remove unit from queue | 1 | |
| Right click | 393 | |
| Select / deselect | 178 | |
| Select group hotkey | 35 | |
| Use ability | 62 | |
761 total
» units
| Peon | 11 | |
| Grunt | 1 | |
| Troll Headhunter/Berserker | 12 | |
| Gnoll Overseer | 1 | |
25 total
» upgrades
| Spiked Barricades | 1 | |
| Shaman Training | 1 | |
| Berserker Upgrade | 1 | |
3 total
» buildings
| Altar of Storms | 1 | |
| Orc Burrow | 5 | |
| Barracks | 1 | |
| War Mill | 2 | |
| Voodoo Lounge | 1 | |
| Watch Tower | 2 | |
| Stronghold | 3 | |
| Fortress | 2 | |
| Spirit Lodge | 2 | |
19 total
» build order
00:09 Altar of Storms
00:14 Orc Burrow
00:39 Barracks
01:28 War Mill
01:42 Orc Burrow
02:25 Voodoo Lounge
02:45 Watch Tower
03:56 Stronghold
03:56 Stronghold
03:57 Stronghold
04:09 Orc Burrow
05:55 Watch Tower
06:36 Fortress
06:36 Fortress
07:38 Spirit Lodge
07:41 Spirit Lodge
09:25 Orc Burrow
09:28 Orc Burrow
10:22 War Mill
» items
| Lesser Clarity Potion | 3 | |
| Healing Salve | 3 | |
| Scroll of Speed | 2 | |
| Orb of Lightning | 2 | |
10 total
LAWLESSSHERIF (
pink | 58 APM | 1758 actions | 30:07)
7 Blood Mage
3 Banish
3 Flame Strike
1 Summon Phoenix
» actions
| Assign group hotkey | 28 | |
| Basic commands | 6 | |
| Build / train | 89 | |
| Enter build submenu | 25 | |
| Enter hero's abilities submenu | 7 | |
| Give item / drop item | 3 | |
| Right click | 718 | |
| Select / deselect | 242 | |
| Select group hotkey | 526 | |
| Use ability | 114 | |
1758 total
» units
| Peasant | 12 | |
| Footman | 4 | |
| Goblin Shredder | 3 | |
| Sorceress | 2 | |
| Gryphon Rider | 6 | |
| Goblin Sapper | 3 | |
| Priest | 2 | |
| Dragonhawk Rider | 1 | |
33 total
» upgrades
| Masonry | 3 | |
| Swords | 2 | |
| Sorceress Training | 2 | |
| Armor | 2 | |
| Animal War Training | 1 | |
| Storm Hammers | 1 | |
| Cloud | 1 | |
| Magic Sentry | 1 | |
| Priest Training | 2 | |
15 total
» buildings
| Altar of Kings | 1 | |
| Barracks | 1 | |
| Farm | 12 | |
| Scout Tower | 18 | |
| Lumber Mill | 2 | |
| Arcane Tower | 1 | |
| Town Hall | 2 | |
| Keep | 2 | |
| Guard Tower | 13 | |
| Blacksmith | 1 | |
| Arcane Vault | 1 | |
| Castle | 2 | |
| Arcane Sanctum | 1 | |
| Gryphon Aviary | 3 | |
| Watch Tower | 9 | |
69 total
» build order
00:13 Altar of Kings
00:21 Barracks
00:35 Farm
00:39 Farm
00:51 Farm
01:36 Farm
01:43 Scout Tower
02:23 Lumber Mill
02:27 Lumber Mill
02:44 Arcane Tower
03:02 Farm
03:45 Town Hall
03:51 Scout Tower
03:53 Scout Tower
03:53 Scout Tower
05:40 Keep
05:40 Keep
05:42 Guard Tower
05:42 Guard Tower
06:14 Guard Tower
06:21 Blacksmith
06:30 Arcane Vault
06:38 Scout Tower
06:38 Scout Tower
06:39 Scout Tower
06:40 Scout Tower
06:41 Scout Tower
07:19 Guard Tower
07:41 Scout Tower
07:42 Scout Tower
07:42 Scout Tower
07:43 Scout Tower
07:43 Scout Tower
07:43 Scout Tower
08:12 Castle
08:15 Arcane Sanctum
08:21 Guard Tower
08:46 Guard Tower
08:46 Guard Tower
08:52 Farm
09:09 Gryphon Aviary
09:10 Gryphon Aviary
09:33 Guard Tower
09:41 Gryphon Aviary
11:03 Guard Tower
11:04 Guard Tower
12:15 Farm
12:15 Farm
12:16 Farm
12:16 Farm
12:17 Farm
12:17 Farm
12:22 Scout Tower
12:22 Scout Tower
13:34 Guard Tower
15:14 Watch Tower
15:14 Watch Tower
15:14 Watch Tower
15:15 Watch Tower
15:16 Watch Tower
15:17 Watch Tower
19:04 Watch Tower
19:04 Watch Tower
19:05 Watch Tower
19:27 Town Hall
» items
| Healing Salve | 2 | |
| Ivory Tower | 4 | |
| Potion of Mana | 3 | |
| Scroll of Regeneration | 1 | |
| Lesser Clarity Potion | 1 | |
| Scroll of Town Portal | 1 | |
| Potion of Healing | 1 | |
13 total
Lyxri (
green | 45 APM | 655 actions | 14:36)
2 Archmage
1 Summon Water Elemental
1 Brilliance Aura
» actions
| Assign group hotkey | 7 | |
| Build / train | 54 | |
| Enter build submenu | 36 | |
| Enter hero's abilities submenu | 2 | |
| Remove unit from queue | 3 | |
| Right click | 261 | |
| Select / deselect | 203 | |
| Select group hotkey | 56 | |
| Use ability | 33 | |
655 total
» units
| Peasant | 17 | |
| Flying Machine | 20 | |
| Mortar Team | -1 | |
36 total
» upgrades
| Gunpowder | 1 | |
| Lumber Harvesting | 1 | |
| Flying Machine Bombs | 1 | |
3 total
» buildings
| Farm | 8 | |
| Altar of Kings | 1 | |
| Lumber Mill | 1 | |
| Blacksmith | 1 | |
| Scout Tower | 12 | |
| Arcane Vault | 1 | |
| Arcane Tower | 1 | |
| Guard Tower | 4 | |
| Keep | 1 | |
| Town Hall | 1 | |
| Workshop | 4 | |
| Castle | 1 | |
36 total
» build order
00:47 Farm
00:52 Altar of Kings
01:30 Farm
01:42 Lumber Mill
02:12 Blacksmith
02:21 Farm
03:08 Scout Tower
03:25 Arcane Vault
03:29 Scout Tower
03:35 Scout Tower
03:37 Arcane Tower
03:54 Farm
04:02 Scout Tower
04:06 Farm
04:21 Guard Tower
04:45 Keep
04:53 Guard Tower
06:20 Town Hall
06:35 Farm
06:40 Scout Tower
06:41 Scout Tower
06:43 Scout Tower
07:28 Workshop
07:29 Workshop
07:30 Workshop
07:32 Castle
07:39 Scout Tower
07:39 Scout Tower
07:39 Scout Tower
07:42 Scout Tower
08:42 Workshop
09:18 Guard Tower
11:22 Farm
11:23 Farm
14:07 Scout Tower
14:09 Guard Tower
» items
| Scroll of Regeneration | 1 | |
| Lesser Clarity Potion | 1 | |
2 total
Andre3000 (
teal | 24 APM | 360 actions | 14:47)
3 Demon Hunter
1 Mana Burn
1 Evasion
1 Immolation
» actions
| Assign group hotkey | 1 | |
| Build / train | 29 | |
| Enter build submenu | 14 | |
| Enter hero's abilities submenu | 3 | |
| Right click | 143 | |
| Select / deselect | 152 | |
| Use ability | 18 | |
360 total
» units
| Wisp | 11 | |
| Archer | 3 | |
| Huntress | 2 | |
| Hippogryph | 2 | |
| Chimaera | 4 | |
22 total
» upgrades
» buildings
| Altar of Elders | 1 | |
| Moon Well | 6 | |
| Ancient of War | 1 | |
| Tree of Ages | 1 | |
| Hunter's Hall | 1 | |
| Ancient of Wind | 1 | |
| Tree of Eternity | 1 | |
| Tree of Life | 1 | |
| Chimaera Roost | 2 | |
15 total
» build order
00:22 Altar of Elders
00:54 Moon Well
01:40 Ancient of War
01:53 Moon Well
02:58 Tree of Ages
03:02 Moon Well
04:00 Hunter's Hall
05:27 Moon Well
05:47 Ancient of Wind
06:22 Tree of Eternity
08:22 Tree of Life
08:41 Moon Well
08:48 Chimaera Roost
08:55 Chimaera Roost
10:37 Moon Well
team 2 (loser)
TearsForFears (
red | 41 APM | 1238 actions | 29:50)
6 Archmage
3 Summon Water Elemental
2 Brilliance Aura
1 Mass Teleport
» actions
| Assign group hotkey | 17 | |
| Basic commands | 180 | |
| Build / train | 62 | |
| Enter build submenu | 36 | |
| Enter hero's abilities submenu | 6 | |
| Give item / drop item | 7 | |
| Right click | 394 | |
| Select / deselect | 295 | |
| Select group hotkey | 139 | |
| Use ability | 102 | |
1238 total
» units
| Peasant | 14 | |
| Footman | 4 | |
| Goblin Shredder | 1 | |
| Goblin Sapper | 7 | |
| Gryphon Rider | 4 | |
30 total
» upgrades
| Masonry | 3 | |
| Storm Hammers | 1 | |
| Animal War Training | 1 | |
| Swords | 3 | |
| Armor | 3 | |
| Cloud | 1 | |
12 total
» buildings
| Altar of Kings | 1 | |
| Barracks | 1 | |
| Farm | 7 | |
| Scout Tower | 17 | |
| Arcane Tower | 1 | |
| Keep | 1 | |
| Arcane Vault | 1 | |
| Lumber Mill | 1 | |
| Town Hall | 2 | |
| Castle | 1 | |
| Guard Tower | 4 | |
| Gryphon Aviary | 4 | |
| Blacksmith | 2 | |
43 total
» build order
00:37 Altar of Kings
00:39 Barracks
00:51 Farm
00:52 Farm
01:11 Farm
01:49 Farm
02:09 Farm
02:36 Scout Tower
03:09 Arcane Tower
03:31 Keep
03:50 Arcane Vault
03:54 Lumber Mill
04:25 Town Hall
06:38 Castle
07:20 Scout Tower
07:20 Scout Tower
07:21 Scout Tower
07:22 Scout Tower
07:24 Scout Tower
08:12 Guard Tower
08:26 Farm
08:35 Gryphon Aviary
08:36 Gryphon Aviary
08:37 Gryphon Aviary
08:37 Gryphon Aviary
08:39 Blacksmith
08:41 Blacksmith
10:07 Farm
12:54 Scout Tower
12:55 Scout Tower
12:57 Scout Tower
12:58 Scout Tower
13:01 Scout Tower
13:23 Scout Tower
13:23 Scout Tower
13:23 Scout Tower
13:24 Scout Tower
13:25 Scout Tower
13:33 Guard Tower
14:12 Guard Tower
15:22 Guard Tower
20:39 Town Hall
» items
| Scroll of Regeneration | 2 | |
| Mechanical Critter | 2 | |
| Potion of Healing | 1 | |
| Staff of Sanctuary | 1 | |
6 total
3tk (
yellow | 77 APM | 2308 actions | 30:07)
6 Archmage
3 Summon Water Elemental
2 Brilliance Aura
1 Mass Teleport
» actions
| Assign group hotkey | 158 | |
| Basic commands | 224 | |
| Build / train | 118 | |
| Enter build submenu | 30 | |
| Enter hero's abilities submenu | 6 | |
| Give item / drop item | 2 | |
| Right click | 772 | |
| Select / deselect | 321 | |
| Select group hotkey | 499 | |
| Use ability | 178 | |
2308 total
» units
| Peasant | 13 | |
| Footman | 6 | |
| Goblin Shredder | 4 | |
| Goblin Zeppelin | 5 | |
| Gryphon Rider | 5 | |
| Goblin Sapper | 3 | |
36 total
» upgrades
| Masonry | 3 | |
| Swords | 3 | |
| Armor | 3 | |
| Lumber Harvesting | 1 | |
| Storm Hammers | 1 | |
| Animal War Training | 1 | |
| Cloud | 1 | |
13 total
» buildings
| Barracks | 1 | |
| Altar of Kings | 1 | |
| Farm | 5 | |
| Arcane Vault | 1 | |
| Lumber Mill | 1 | |
| Town Hall | 1 | |
| Keep | 2 | |
| Blacksmith | 1 | |
| Castle | 3 | |
| Gryphon Aviary | 4 | |
| Guard Tower | 19 | |
| Scout Tower | 14 | |
| Arcane Tower | 2 | |
55 total
» build order
00:53 Barracks
00:57 Altar of Kings
01:00 Farm
01:07 Farm
01:13 Farm
02:17 Arcane Vault
02:35 Lumber Mill
02:58 Farm
04:26 Town Hall
05:38 Keep
06:13 Blacksmith
08:36 Castle
08:37 Castle
08:43 Gryphon Aviary
08:47 Gryphon Aviary
09:03 Guard Tower
09:12 Scout Tower
09:14 Scout Tower
09:19 Scout Tower
09:20 Scout Tower
09:21 Scout Tower
09:23 Scout Tower
09:26 Scout Tower
09:33 Guard Tower
09:34 Guard Tower
09:44 Gryphon Aviary
09:52 Guard Tower
09:53 Guard Tower
09:53 Guard Tower
10:06 Guard Tower
10:40 Gryphon Aviary
10:48 Scout Tower
10:50 Scout Tower
11:05 Farm
13:00 Scout Tower
13:24 Arcane Tower
13:25 Arcane Tower
13:27 Guard Tower
13:28 Guard Tower
13:28 Guard Tower
13:47 Scout Tower
13:48 Scout Tower
13:49 Scout Tower
13:51 Scout Tower
14:21 Guard Tower
14:21 Guard Tower
14:23 Guard Tower
14:23 Guard Tower
14:24 Guard Tower
» items
| Scroll of Regeneration | 6 | |
| Mechanical Critter | 4 | |
| Lesser Clarity Potion | 2 | |
| Ivory Tower | 2 | |
| Staff of Sanctuary | 1 | |
| Potion of Healing | 1 | |
16 total
WelcometoJamroc (
orange | 47 APM | 1430 actions | 30:07)
4 Death Knight
1 Death Coil
2 Unholy Aura
1 Death Pact
2 Lich
2 Frost Nova
» actions
| Assign group hotkey | 26 | |
| Basic commands | 79 | |
| Build / train | 50 | |
| Enter build submenu | 25 | |
| Enter hero's abilities submenu | 6 | |
| Give item / drop item | 2 | |
| Remove unit from queue | 1 | |
| Right click | 263 | |
| Select / deselect | 263 | |
| Select group hotkey | 658 | |
| Use ability | 57 | |
1430 total
» units
| Acolyte | 8 | |
| Ghoul | 2 | |
| Crypt Fiend | 11 | |
| Gnoll Overseer | 1 | |
| Obsidian Statue | 4 | |
| Gargoyle | 1 | |
27 total
» upgrades
| Creature Attack | 2 | |
| Creature Carapace | 1 | |
| Web | 1 | |
4 total
» buildings
| Altar of Darkness | 1 | |
| Ziggurat | 6 | |
| Crypt | 1 | |
| Graveyard | 1 | |
| Tomb of Relics | 1 | |
| Halls of the Dead | 2 | |
| Slaughterhouse | 1 | |
| Black Citadel | 1 | |
| Sacrificial Pit | 1 | |
| Necropolis | 4 | |
| Nerubian Tower | 1 | |
| Spirit Tower | 2 | |
| Town Hall | 2 | |
| Scout Tower | 1 | |
| Farm | 2 | |
27 total
» build order
00:14 Altar of Darkness
00:18 Ziggurat
00:43 Crypt
01:07 Graveyard
01:26 Tomb of Relics
01:44 Ziggurat
03:31 Halls of the Dead
04:43 Ziggurat
06:39 Slaughterhouse
06:43 Ziggurat
09:54 Ziggurat
09:59 Ziggurat
10:51 Black Citadel
10:56 Sacrificial Pit
12:11 Necropolis
12:57 Nerubian Tower
12:59 Spirit Tower
13:43 Spirit Tower
16:43 Necropolis
18:31 Halls of the Dead
21:19 Necropolis
24:43 Necropolis
26:02 Town Hall
26:25 Town Hall
26:40 Scout Tower
26:43 Farm
26:45 Farm
» items
| Rod of Necromancy | 1 | |
| Potion of Mana | 1 | |
| Scroll of Town Portal | 1 | |
3 total

»
MiniZ (
blue | 39 APM | 926 actions | 23:40)
4 Archmage
1 Summon Water Elemental
1 Blizzard
2 Brilliance Aura
3 Dark Ranger
1 Black Arrow
1 Silence
1 Life Drain
2 Blood Mage
1 Flame Strike
1 Banish
» actions
| Basic commands | 4 | |
| Build / train | 106 | |
| Enter build submenu | 38 | |
| Enter hero's abilities submenu | 9 | |
| Give item / drop item | 1 | |
| Remove unit from queue | 3 | |
| Right click | 364 | |
| Select / deselect | 336 | |
| Use ability | 65 | |
926 total
» units
| Peasant | 36 | |
| Footman | 5 | |
| Priest | 8 | |
| Sorceress | 5 | |
| Knight | 5 | |
| Spell Breaker | 4 | |
63 total
» upgrades
| Priest Training | 2 | |
| Swords | 2 | |
| Plating | 2 | |
| Sorceress Training | 2 | |
| Lumber Harvesting | 1 | |
| Masonry | 1 | |
| Control Magic | 1 | |
| Magic Sentry | 1 | |
| Animal War Training | 1 | |
13 total
» buildings
| Farm | 13 | |
| Altar of Kings | 1 | |
| Barracks | 1 | |
| Arcane Vault | 1 | |
| Scout Tower | 12 | |
| Arcane Tower | 3 | |
| Town Hall | 3 | |
| Keep | 1 | |
| Blacksmith | 1 | |
| Lumber Mill | 1 | |
| Guard Tower | 8 | |
| Castle | 1 | |
| Arcane Sanctum | 2 | |
48 total
» build order
00:27 Farm
00:37 Altar of Kings
00:58 Barracks
01:08 Farm
01:44 Arcane Vault
01:52 Farm
02:17 Scout Tower
02:34 Farm
02:54 Arcane Tower
03:44 Farm
04:42 Town Hall
04:47 Scout Tower
05:11 Keep
05:27 Blacksmith
05:37 Arcane Tower
05:40 Scout Tower
06:06 Lumber Mill
06:12 Scout Tower
06:21 Arcane Tower
06:58 Scout Tower
07:05 Farm
07:09 Scout Tower
07:11 Guard Tower
07:39 Guard Tower
08:01 Scout Tower
08:03 Castle
08:06 Farm
08:14 Guard Tower
08:39 Arcane Sanctum
08:59 Arcane Sanctum
09:11 Guard Tower
10:00 Farm
10:24 Scout Tower
10:54 Scout Tower
10:58 Guard Tower
11:03 Farm
11:47 Farm
12:52 Guard Tower
12:55 Scout Tower
13:27 Scout Tower
14:43 Farm
14:47 Guard Tower
14:49 Town Hall
15:44 Guard Tower
17:37 Town Hall
17:48 Farm
18:26 Scout Tower
19:34 Farm
» items
| Scroll of Regeneration | 2 | |
| Orb of Fire | 1 | |
| Potion of Healing | 2 | |
5 total
Chat log
(00:25 / All) WelcometoJamroc: holold on pee and beer plz
(00:27 / Allies) WelcometoJamroc: red u there?
(00:30 / All) Andre3000: I will actually respect that
(00:32 / Allies) WelcometoJamroc: plz
(00:32 / Allies) TearsForFears: I'm here
(00:33 / Allies) WelcometoJamroc: come back
(00:34 / Allies) WelcometoJamroc: k
(00:35 / All) WelcometoJamroc: ok back
(00:40 / All) Andre3000: yay
(00:47 / All) WelcometoJamroc: thanks for nothin
(00:50 / All) WelcometoJamroc: how many noobs out here?
(01:04 / All) Lyxri: as many as you can count
(01:08 / Allies) TearsForFears: pausing just messed up my build lel
(01:15 / Allies) WelcometoJamroc: u were late bro
(01:19 / Allies) TearsForFears: nah I wasn't
(01:23 / All) Andre3000: lets get weird
(01:30 / Allies) WelcometoJamroc: i gave you 6 seconds to move
(01:34 / Allies) TearsForFears: I did move
(01:43 / Allies) TearsForFears: I was gathering wood
(01:45 / Allies) TearsForFears: and mining
(01:48 / Allies) WelcometoJamroc: k watch the replay than
(01:54 / Allies) 3tk: retard orange
(01:56 / Allies) WelcometoJamroc: i build before you moved
(02:04 / Allies) WelcometoJamroc: dont talk shit
(02:04 / Allies) TearsForFears: oh well whatev
(02:05 / Allies) 3tk: good for you now shut the fuck up faggot
(02:07 / Allies) WelcometoJamroc: what units are u geting?
(02:09 / Allies) WelcometoJamroc: fiends stats
(02:12 / Allies) TearsForFears: pretty sure I mined
(02:18 / Allies) WelcometoJamroc: now we know who the noobs are lol
(02:26 / Allies) WelcometoJamroc: rage tk
(02:27 / Allies) 3tk: you, 5-7 LMAO
(02:39 / Allies) WelcometoJamroc: wow
(02:42 / Allies) WelcometoJamroc: u smart
(02:44 / Allies) WelcometoJamroc: how u know
(02:53 / Allies) 3tk: shut up and play you dumb nigger
(02:58 / Allies) WelcometoJamroc: first sign of noob
(03:02 / Allies) WelcometoJamroc: talks shit about a record in rt lol
(03:08 / Allies) 3tk: K
(03:13 / Allies) WelcometoJamroc: guess my at record?
(03:21 / Allies) 3tk: Shut up and play you dumb fucking faggot
(03:27 / Allies) 3tk: double digit iq retard
(04:03 / All) WelcometoJamroc: who liked the new maps better?
(04:08 / All) Lyxri: me
(04:09 / All) LAWLESSSHERIF: ME
(04:10 / All) LAWLESSSHERIF: SINGS
(04:12 / All) LAWLESSSHERIF: NORTHSIRE
(04:17 / All) LAWLESSSHERIF: crossroad and ferelas
(04:18 / All) Lyxri: feralas
(04:21 / All) WelcometoJamroc: hackers paid off b.net and blew up their email
(04:22 / All) LAWLESSSHERIF: i miss gold rush the most
(07:16 / Allies) WelcometoJamroc: nobody helps me creep =((((
(07:28 / Allies) WelcometoJamroc: ty
(07:49 / Allies) TearsForFears: my shift must be messed up
(08:02 / Allies) TearsForFears: want to trade items orange?
(08:05 / Allies) TearsForFears: periapt for mask?
(08:11 / Allies) WelcometoJamroc: k
(08:16 / Allies) WelcometoJamroc: w.e
(08:52 / Allies) TearsForFears: creep after
(09:27 / Allies) WelcometoJamroc: hit lol
(09:41 / Allies) WelcometoJamroc: hit and run plz
(10:06 / Allies) WelcometoJamroc: nebody need wood?
(10:09 / Allies) 3tk: I do
(10:11 / Allies) WelcometoJamroc: or shall i get tier 3
(10:18 / Allies) 3tk: thanks
(10:20 / Allies) WelcometoJamroc: oh nice guy needs wood
(10:22 / Allies) 3tk: lawl
(10:32 / Allies) 3tk: I just have a bad temper relax
(10:37 / Allies) WelcometoJamroc: thats gg
(10:40 / Allies) WelcometoJamroc: so do i
(10:45 / Allies) WelcometoJamroc: anybody want to fucking at after this?
(10:47 / Allies) WelcometoJamroc: i can host
(11:07 / Allies) WelcometoJamroc: chims
(11:09 / Allies) WelcometoJamroc: kill roost
(11:11 / Allies) 3tk: chimbot lol
(11:30 / Allies) TearsForFears: we're split
(11:35 / All) Lyxri: bitchhh
(11:49 / All) Lyxri: rekt
(11:50 / Allies) WelcometoJamroc: SHIT
(11:52 / Allies) WelcometoJamroc: choppers
(12:06 / Allies) WelcometoJamroc: what are u doing???!?!
(12:17 / Allies) WelcometoJamroc: could u not see teal down there?
(12:27 / Allies) TearsForFears: oh shit lawl
(12:47 / Allies) WelcometoJamroc: fuck
(13:06 / Allies) 3tk: 2 towers
(13:09 / Allies) WelcometoJamroc: dude
(13:10 / Allies) 3tk: enough to ward off that many copters
(13:11 / Allies) 3tk: pro
(13:16 / Allies) WelcometoJamroc: yea i iknow
(13:24 / Allies) WelcometoJamroc: didnt think they would go that bullshit garbage strat
(13:26 / Allies) WelcometoJamroc: we needa stay alive
(13:51 / All) Lyxri: got oranges base though
(14:04 / All) Andre3000: gg
(14:07 / All) WelcometoJamroc: i know asshole
(14:11 / All) Lyxri: lmao
(14:14 / All) Andre3000: :(
(14:15 / All) Lyxri: gg
(14:21 / All) WelcometoJamroc: although sometimes u do win with a good team
(14:24 / All) Andre3000: green and pink had nothing
(14:25 / All) WelcometoJamroc: its alwasyt the team lol
(14:27 / All) Lyxri: yea
(14:30 / All) Andre3000: :(
(14:36 / All) LAWLESSSHERIF: wah wah
(14:43 / Allies) WelcometoJamroc: hit me up
(14:44 / Allies) WelcometoJamroc: to at
(14:47 / All) WelcometoJamroc: anybody want to AT?
(14:48 / All) WelcometoJamroc: add me
(14:51 / All) WelcometoJamroc: i have a partner
(15:21 / Allies) 3tk: did you order those gryphons there or did I misclick
(15:37 / Allies) WelcometoJamroc: next
(18:25 / Allies) WelcometoJamroc: get units
(18:26 / Allies) WelcometoJamroc: aa
(18:43 / Allies) WelcometoJamroc: wtf
(18:44 / Allies) WelcometoJamroc: lag?
(18:51 / Allies) WelcometoJamroc: my base just got destroyed
(18:58 / Allies) WelcometoJamroc: w
(19:01 / Allies) WelcometoJamroc: wtf asshole?
(19:10 / Allies) WelcometoJamroc: hacking?
(19:14 / Allies) 3tk: wtf
(19:17 / Allies) 3tk: I can't control my units
(19:21 / Allies) 3tk: WTF I'm attacking you
(19:21 / Allies) WelcometoJamroc: stfu man
(19:23 / Allies) WelcometoJamroc: ur an asshole
(19:26 / Allies) 3tk: no
(19:27 / Allies) WelcometoJamroc: DUDE
(19:29 / Allies) 3tk: im not fucking kidding man
(19:30 / Allies) WelcometoJamroc: TAKE AWAY CONTROl
(19:35 / Allies) 3tk: I'm being control hacked
(19:36 / All) TearsForFears: stop hacking pink
(19:36 / Allies) WelcometoJamroc: take away control
(19:38 / Allies) WelcometoJamroc: whatever
(19:38 / Allies) 3tk: wtf
(19:39 / All) 3tk: PINK
(19:40 / Allies) WelcometoJamroc: not a big deal
(19:41 / All) LAWLESSSHERIF: lawl
(19:41 / All) 3tk: IS HACKING
(19:42 / All) LAWLESSSHERIF: mad
(19:47 / All) TearsForFears: you're a low life dude
(19:50 / All) 3tk: i cant fucking control my units
(19:54 / All) 3tk: are you using control hack?
(19:58 / All) TearsForFears: fucking scumbag
(19:59 / All) WelcometoJamroc: ur garbage
(20:02 / All) WelcometoJamroc: all of you
(20:02 / All) TearsForFears: ruining peoples games and their records
(20:06 / All) TearsForFears: I'm reporting pink
(20:09 / All) WelcometoJamroc: i dont care about record
(20:12 / All) TearsForFears: kiss your cd key godobye
(20:13 / All) WelcometoJamroc: its prolly you red
(20:20 / All) 3tk: I can't fucking control myself
(20:21 / All) TearsForFears: you got some nerve
(20:23 / All) 3tk: I can't use my units
(20:27 / Allies) 3tk: blue kill my base
(20:29 / Allies) 3tk: fight me
(20:31 / Allies) 3tk: i cant control myself
(20:34 / All) WelcometoJamroc: i dont care
(20:36 / Allies) 3tk: i am being control hacked
(20:40 / Allies) 3tk: orange, blue try to kill me
(20:41 / All) WelcometoJamroc: u win a game
(20:42 / Allies) 3tk: red and i are being hacked
(20:44 / All) WelcometoJamroc: and u wanna waste time
(20:46 / All) TearsForFears: ORANGE IS FRAMING ME
(20:49 / All) WelcometoJamroc: u have no life
(20:52 / All) LAWLESSSHERIF: orange wtf
(20:55 / All) WelcometoJamroc: im not framing anybody
(20:56 / All) TearsForFears: ORANGE IS FRAMING ME
(20:58 / All) 3tk: PINK IS A FUcking hacker FAGGOT
(20:59 / All) WelcometoJamroc: im watching you attack me
(21:00 / All) 3tk: PRICK FUCKER
(21:08 / All) WelcometoJamroc: sorry im alfa
(21:11 / All) TearsForFears: I AM INNOCENT AND I WONT STAND BY AS YOU SLING EXCRETA AT MY GOOOD NAME
(21:19 / All) TearsForFears: I WON'T ABIDE THIS LIBEL
(21:24 / All) WelcometoJamroc: lol
(21:27 / All) WelcometoJamroc: ur being defensive
(21:28 / All) 3tk: I am being hacked
(21:33 / All) WelcometoJamroc: either your 12 and up past ur bedtime
(21:35 / All) TearsForFears: OF HACKS
(21:36 / All) WelcometoJamroc: or ur a tking dick
(21:42 / All) TearsForFears: FOR PUNITIVE DAMAGES
(21:45 / All) 3tk: orange,
(21:47 / All) WelcometoJamroc: WHO IS THE NOOBS I SAID
(21:48 / All) 3tk: we are being hacked by pink
(21:48 / All) WelcometoJamroc: I SAID
(21:50 / All) TearsForFears: I SEE MY PSYCHOLOGIST TOMORROW
(21:51 / All) WelcometoJamroc: WHOS THE NOOBS
(21:54 / All) WelcometoJamroc: RAGING TKER?!!
(21:56 / All) TearsForFears: YOU CAN BE DAMN SURE I WILL BRING THIS UP
(21:56 / All) WelcometoJamroc: I WONDER
(22:00 / All) TearsForFears: YOU BETTER HAVE GOOD LAWYERS
(22:01 / All) 3tk: I attack the same units as pink
(22:05 / All) 3tk: I can't control my units
(22:07 / All) TearsForFears: IM SUING PINK AND ORANGE
(22:11 / All) WelcometoJamroc: TAKE AWAY CONTROL OF YOUR UNITS
(22:13 / All) TearsForFears: I GOT YOUR IPS
(22:17 / All) WelcometoJamroc: OR SHUT UP AND ADMIT YOUR HACKING
(22:17 / All) 3tk: DUDE HE IS ON THE OTHER FUCKING TEAM
(22:20 / All) 3tk: I CANT UNTICK A FUCKING BOX
(22:21 / All) 3tk: YOU RETARD
(22:22 / All) WelcometoJamroc: I MEAN TKING
(22:31 / All) WelcometoJamroc: "HE CANT CONTROL YOUR UNITS ON THE OTHER TEAM YOU IDIOT
(22:40 / All) 3tk: THEN HOW THE FUCK IS HE DOING IT
(22:44 / All) WelcometoJamroc: he has no games played
(22:44 / All) 3tk: I AM not fucking ATTACKING
(22:47 / All) TearsForFears: SERIOUSLY STOP
(22:49 / All) WelcometoJamroc: because hes a pawn noob retard
(22:49 / All) 3tk: i am not attacking any of my allies
(22:52 / All) TearsForFears: AND UNINSTALL YOUR HACKS NOOBS
(22:54 / All) 3tk: pink is hacking me
(22:57 / All) WelcometoJamroc: nobody gives a fuck dude
(23:12 / Allies) WelcometoJamroc: yellow
(23:18 / Allies) 3tk: what
(23:19 / All) WelcometoJamroc: yellow you talked shit about my record
(23:22 / All) WelcometoJamroc: you wonder why
(23:24 / All) 3tk: yeah and I'm being hacked
(23:29 / All) TearsForFears: I REPORT YOU ALL
(23:29 / All) 3tk: this would be 100% victory
(23:30 / Allies) MiniZ: like i believe u guys, i already reporting u all ip, im real hacking u guys lol
(23:31 / All) 3tk: I'm pro
(23:34 / All) TearsForFears: BLIZZARD WILL FIND OUT WHO HAS HACKS
(23:35 / All) 3tk: I can't control my units right now
(23:36 / Allies) MiniZ: see whats on ur computer
(23:42 / All) WelcometoJamroc: enbabled... retard
(23:44 / All) TearsForFears: I HAVE REPORTED A LOT OF PEOPLLES CDKEYS
(23:46 / All) 3tk: uhhh
(23:47 / All) WelcometoJamroc: u cant even spell
(23:48 / All) TearsForFears: BLIZZARD ROCKS IMO
(23:50 / All) 3tk: that doesn't solve the control hack
(23:57 / All) WelcometoJamroc: leave
(23:59 / All) WelcometoJamroc: just fucking leave
(24:01 / All) WelcometoJamroc: and ill control
(24:09 / All) 3tk: see?
(24:11 / All) WelcometoJamroc: i program computers dude
(24:13 / All) 3tk: he's using all three armies
(24:15 / All) WelcometoJamroc: i work for the DOD moron
(24:19 / All) 3tk: he's hacking two players at once
(24:22 / All) WelcometoJamroc: i know they cant control your shit unless your on
(24:23 / All) TearsForFears: STOP IT RIGHT NOW
(24:25 / All) TearsForFears: STOP IT RIGHT NOW
(24:27 / All) TearsForFears: STOP IT RIGHT NOW
(24:30 / All) WelcometoJamroc: EVERYBODY ON MY TEAM LEAVE
(24:34 / All) WelcometoJamroc: THEY ARENT CONTROLLING ME
(24:35 / All) WelcometoJamroc: I CAN WIN
(24:38 / All) WelcometoJamroc: IF YOU LEAVE MORONS
(24:45 / All) 3tk: dude that wouldnt do shit against control hack
(24:49 / All) 3tk: he would still be using them
(24:49 / All) TearsForFears: OMFG
(24:50 / All) WelcometoJamroc: LEAVE
(24:52 / All) WelcometoJamroc: DUDE
(24:53 / All) WelcometoJamroc: LEAVE
(24:53 / All) TearsForFears: NOW YOU MAKE ME KILL MY OWN STUFF
(24:55 / All) WelcometoJamroc: YES IT WILL
(24:56 / All) TearsForFears: THIS IS RIDICULOUS
(24:59 / All) TearsForFears: I WANT THE WIN
(25:00 / Allies) 3tk: red do you think i should try leaving for the sake of our victory?
(25:04 / All) WelcometoJamroc: THERE IS NO CONTROL HACK U FUCKING FAGGOT
(25:05 / All) TearsForFears: IM GOING FOR ICON AND LADDERS THIS SEASON
(25:05 / All) WelcometoJamroc: LEAVE
(25:09 / All) WelcometoJamroc: HE CANT CONTROL ME
(25:12 / All) WelcometoJamroc: WHICH MEANS I CAN WIN
(25:14 / All) WelcometoJamroc: SO FUCKING LEAVE
(25:23 / All) TearsForFears: PLLEASE LEAVE ORANGE AND PINK
(25:24 / All) TearsForFears: BE NOBLE
(25:38 / All) 3tk: hmm
(25:41 / All) WelcometoJamroc: they all are hacking ...
(25:42 / All) WelcometoJamroc: red
(25:46 / All) LAWLESSSHERIF: hacks enabled
(25:47 / All) WelcometoJamroc: they are some faggots
(25:54 / All) 3tk: Orange
(25:59 / All) 3tk: so if I leave you think that you can win?
(26:02 / All) 3tk: and outcontrol pink?
(26:03 / All) 3tk: outspam him?
(26:10 / All) 3tk: orange?
(26:27 / All) WelcometoJamroc: if you wont leave
(26:31 / All) WelcometoJamroc: ur all fucking hackers
(26:34 / All) WelcometoJamroc: and all reported
(26:35 / All) 3tk: do you think you could outspam pink?
(26:37 / All) WelcometoJamroc: so just make new accoutns noobs
(26:45 / All) 3tk: he's sending my fucking workers to death and killing my buildings now
(27:03 / All) TearsForFears: I AM NOT HAPPY ABOTU THIS GAME
(27:06 / All) TearsForFears: WE WON FAIR AND SQUARE
(27:07 / All) WelcometoJamroc: gj yellow
(27:08 / All) TearsForFears: I EARNED THIS WIN
(27:13 / All) 3tk: orange
(27:18 / All) 3tk: do you think you can outspam pink and win if i quit?
(27:40 / Allies) WelcometoJamroc: im not an idiot
(27:45 / All) WelcometoJamroc: its yellows faggot ass
(27:46 / Allies) 3tk: what?
(27:49 / All) WelcometoJamroc: buncha abusing retards
(27:53 / All) WelcometoJamroc: play a whole fucking game
(27:54 / All) 3tk: dude im not doing shit lol
(27:57 / All) WelcometoJamroc: i see how u played bro
(27:59 / All) 3tk: dude
(28:01 / All) WelcometoJamroc: u dont even know how to play lol
(28:03 / All) TearsForFears: IM ON VERGE OF TEARS BE NOBEL AND LEAVE EVERYONE
(28:07 / All) 3tk: i want to win
(28:11 / All) WelcometoJamroc: YOUR NAME IS 3tk u fucking moron
(28:12 / All) 3tk: i play 4 v4 to win
(28:19 / All) 3tk: why do you think i am fucking 0-0?
(28:24 / All) 3tk: new accounts dfrom hackers like pink
(28:26 / All) 3tk: ruining battlenet
(28:36 / All) LAWLESSSHERIF: hacks initiated
(28:44 / All) 3tk: orange.
(28:48 / All) 3tk: I am not doing anything
(28:49 / All) WelcometoJamroc: nobody is hacking
(28:54 / All) WelcometoJamroc: u are just fucking tking faggots ll
(28:56 / All) 3tk: my hands are not even on the mouse just typing
(28:59 / All) 3tk: pink is doing everything
(29:07 / All) 3tk: I repeat, pink is control hacking me
(29:14 / All) 3tk: because he's the only one on their team
(29:16 / All) 3tk: who would want it
(29:19 / All) 3tk: moron
(29:31 / All) TearsForFears: U R SO COOL
(29:35 / All) TearsForFears: U MAKE A 15 YEAR OLD CRY
(29:39 / All) TearsForFears: I EARNED THIS WIN BE NOBLE
(29:44 / All) TearsForFears: FUCK THIS I REPORT YOU ALL
(29:49 / All) 3tk: red
(29:51 / All) 3tk: i am on ur side
(30:01 / All) 3tk: fucking hell
(30:05 / All) 3tk: sick of thios hacking bullshit